Map: Dasan Station LE

Players

Hammerdin - Winner!

  • Race: Protoss Protoss
  • League: Silver

Gracz

  • Race: Terran Terran
  • League: Silver

VOD

Have the link to the VOD?

Description

Time

  • Played on: Sept. 27, 2016, 1:19 p.m.
  • Length: 10:11
Show
View Real Time Build Order
Export as new Build Order

Hammerdin Protoss - Winner!

Build Orders:  

Get SALT Encoding   

  12  0:05  Probe (Chrono Boost)  
  13  0:16  Probe (Chrono Boost)  
  14  0:26  Probe (Chrono Boost)  
  15  0:33  Pylon  
  15  0:49  Pylon  
  15  0:55  Forge  
  15  1:15  Gateway  
  15  1:16  Gateway  
  15  1:26  Gateway  
  15  1:32  Assimilator  
  15  1:37  Assimilator  
  15  1:45  Photon Cannon  
  15  1:55  Photon Cannon  
  15  2:06  Probe (Chrono Boost)  
  16  2:16  Probe (Chrono Boost)  
  16  2:18  Zealot  
  19  2:27  Probe (Chrono Boost)  
  20  2:32  Zealot  
  22  2:37  Probe (Chrono Boost)  
  22  2:39  Zealot  
  25  2:48  Probe (Chrono Boost)  
  26  2:53  Zealot  
  28  2:59  Probe (Chrono Boost)  
  29  3:06  Zealot  
  31  3:15  Pylon  
  31  3:34  Probe (Chrono Boost)  
  32  3:44  Probe (Chrono Boost)  
  32  3:47  Cybernetics Core  
  33  3:53  Photon Cannon  
  33  3:55  Probe (Chrono Boost)  
  34  3:58  Zealot  
  34  4:00  Zealot  
  38  4:25  Zealot  
  38  4:48  Pylon  
  38  4:55  Pylon  
  38  5:06  Stalker x3  
  44  5:36  Sentry, Stalker x2  
  50  5:45  Assimilator, Nexus  
  50  5:51  Assimilator  
  50  6:03  Sentry  
  52  6:06  Sentry  
  52  6:08  Pylon  
  54  6:11  Pylon  
  54  6:22  Stalker  
  54  6:29  Sentry  
  54  6:32  Stalker  
  60  6:41  Protoss Ground Weapons Level 1  
  60  6:49  Sentry  
  60  6:51  Probe (Chrono Boost)  
  63  6:56  Sentry  
  65  7:03  Probe (Chrono Boost), Twilight Council  
  65  7:04  Stalker  
  69  7:16  Probe (Chrono Boost)  
  61  7:28  Probe (Chrono Boost)  
  54  7:44  Stalker  
  54  7:47  Stalker  
  54  7:48  Stalker  
  56  8:17  Stalker  
  56  8:18  Stalker  
  60  8:39  Sentry  
  60  8:47  Stalker  
  60  8:48  Stalker  
  66  9:01  Stalker  
  66  9:06  Probe (Chrono Boost)  
  70  9:11  Probe (Chrono Boost)  
  71  9:17  Stalker x2, Probe (Chrono Boost)  
  71  9:23  Probe (Chrono Boost)  
  76  9:27  Stalker, Probe (Chrono Boost)  
  77  9:34  Pylon  
  77  9:35  Probe (Chrono Boost)  
  77  9:36  Pylon  
  77  9:38  Pylon, Probe (Chrono Boost)  
  81  9:47  Probe (Chrono Boost)  
  81  9:52  Probe (Chrono Boost)  
  87  9:59  Probe (Chrono Boost)  
Show
View Real Time Build Order
Export as new Build Order

Gracz Terran 

Build Orders:  

Get SALT Encoding   

  12  0:01  SCV  
  13  0:19  Supply Depot, SCV  
  14  0:42  Barracks  
  14  0:47  Refinery  
  14  0:48  SCV  
  15  1:00  SCV  
  16  1:12  SCV  
  16  1:13  Barracks  
  17  1:24  SCV  
  18  1:34  Bunker  
  18  1:36  Marine  
  18  1:39  SCV  
  20  1:54  Barracks Tech Lab  
  20  2:01  Supply Depot  
  20  2:09  Orbital Command  
  20  2:17  Barracks Tech Lab  
  20  2:18  Stimpack  
  20  2:19  Marauder  
  22  2:28  Supply Depot  
  22  2:38  Marauder  
  22  2:40  Marauder  
  25  2:58  Barracks  
  25  2:59  Marauder  
  25  3:02  Marauder  
  23  3:38  Marine x2  
  25  3:50  SCV  
  25  3:51  Factory, Refinery  
  26  3:56  Marine x2  
  26  4:02  SCV  
  29  4:14  Marine  
  30  4:35  Barracks Tech Lab  
  30  4:54  Factory Tech Lab  
  30  4:56  Starport  
  30  4:58  Marine x2  
  32  5:01  Marauder  
  34  5:16  Marauder x2  
  38  5:29  Supply Depot  
  38  5:37  Marine  
  38  5:39  Supply Depot  
  39  5:50  Marine, Siege Tank  
  39  5:51  Marauder  
  43  6:07  Marine  
  43  6:08  Marine  
  45  6:11  Marine  
  45  6:15  Starport Reactor, Supply Depot  
  46  6:20  SCV  
  46  6:23  Command Center  
  46  6:24  Marine  
  48  6:26  Marine  
  48  6:29  Marine  
  48  6:32  SCV  
  51  7:09  Siege Tank  
  51  7:10  Medivac x2  
  58  7:17  Supply Depot  
  29  8:20  Supply Depot x2  
  29  8:23  Supply Depot  
  29  8:41  Barracks  
  29  8:42  Barracks  
  29  8:44  Barracks  
  28  8:50  Factory, Supply Depot  
  28  8:53  Supply Depot  
  28  8:57  SCV  
  28  9:01  SCV  
  30  9:13  SCV x2  
  32  9:24  Barracks  
  32  9:25  SCV x2  
  34  9:37  SCV  
  35  9:53  Starport  
  35  9:54  Starport  
  35  10:00  Refinery  
Tags
 
Add a new tag
Caveats
  • Supply blocks, unpowered buildings, or Contaminate may cause inaccurate times.
  • Supply counts are checked every 10 seconds.